 Dungeon Crawl Stone Soup version 0.26.0-10-g1f06aea511 (webtiles) character file.

Game seed: 12911513964650405661

455 funkygono the Skirmisher (level 7, 0/56 HPs)
             Began as a Barachi Fighter on Feb 4, 2021.
             Succumbed to a water moccasin's poison
             ... on level 4 of the Dungeon.
             The game lasted 00:07:30 (2911 turns).

funkygono the Skirmisher (Barachi Fighter)          Turns: 2911, Time: 00:07:30

Health: 0/56       AC: 14    Str: 18 (19) XL:     7   Next: 5%
Magic:  7/7        EV:  8    Int:  8 (9)  God:
Gold:   127        SH: 14    Dex:  8 (11) Spells: 6/6 levels left

rFire    . . .     SeeInvis .   b - +0 whip
rCold    . . .     Faith    .   c - +0 kite shield
rNeg     + . .     Spirit   .   l - +2 plate armour {rN+}
rPois    .         Reflect  +   k - +0 hat
rElec    .         Harm     .   (no cloak)
rCorr    .         Rampage  .   (no gloves)
Will     .....                  (no boots)
Stlth    ..........             g - amulet of reflection
HPRegen  0.18/turn              f - +4 ring of evasion
MPRegen  0.10/turn              (no ring)

@: mighty, lethally poisoned (0 -> -20), hasted, quick
A: +LOS, swims, slowness 1, strong legs 1
a: Hop


You were on level 4 of the Dungeon.
You visited 1 branch of the dungeon, and saw 4 of its levels.

You collected 127 gold pieces.

Inventory:

Hand Weapons
 a - a +0 flail
 b - a +0 whip (weapon)
Missiles
 e - 89 stones
Armour
 c - a +0 kite shield (worn)
 k - a +0 hat (worn)
 l - a +2 plate armour of positive energy (worn)
Jewellery
 f - a +4 ring of evasion (left hand)
 g - an amulet of reflection (around neck)
 i - an uncursed amulet of guardian spirit
Scrolls
 h - 2 scrolls of remove curse
Potions
 d - a potion of might


   Skills:
 * Level 5.2 Fighting
 + Level 4.7 Maces & Flails
 + Level 5.2 Armour
 + Level 0.8 Dodging
 + Level 5.1 Shields


You had 6 spell levels left.
You didn't know any spells.
Your spell library was empty.

Dungeon Overview and Level Annotations

Branches:
Dungeon (4/15)
 Temple: D:4-7

Altars:
Dithmenos
Vehumet

Shops:
D:4 *


Innate Abilities, Weirdness & Mutations

You can be seen from farther away. (+LOS)
You can swim through water.
You cover ground slowly.
You can hop short distances.


Message History

* * * LOW HITPOINT WARNING * * *
You feel sick. You block the water moccasin's attack.
Your Shields skill increases to level 5!
You have reached level 7!
It was a potion of haste.
You feel yourself speed up.
* * * LOW HITPOINT WARNING * * *
You feel sick. The water moccasin bites you.
* * * LOW HITPOINT WARNING * * *
It was a potion of degeneration.
There was something very wrong with that liquid.
You feel weakened.
You feel dopey.
You feel clumsy.
* * * LOW HITPOINT WARNING * * *
You feel sick. The water moccasin bites you!
* * * LOW HITPOINT WARNING * * *
You feel very mighty all of a sudden.
* * * LOW HITPOINT WARNING * * *
You feel sick. You block the water moccasin's attack.
You hit the water moccasin.
The water moccasin is lightly wounded.
You die...

#≈≈≈≈≈# ##.... #≈≈≈≈≈#
#..... #≈≈≈≈#####....
#≈≈≈≈≈##....≈≈
#≈≈≈≈≈##....≈≈
#≈≈≈≈###...≈≈
#≈≈≈≈#......P
######≈≈≈≈......≈≈ ###
#@SS.#≈≈≈≈.......≈
#...###SS†≈≈≈≈.......≈
+.∩SS.S..≈≈≈≈≈......≈≈
#...#.S..≈≈≈≈......≈P≈
### #....≈≈≈≈.#....≈≈≈
....#≈≈≈≈≈.#.....≈≈
###...≈≈≈≈≈.......≈≈
....≈≈≈≈##.......≈
...#≈≈≈≈≈# ....


You could see 2 water moccasins, an adder and a ball python.

Vanquished Creatures
  A water moccasin (D:4)
  A bullfrog (D:3)
  A hound (D:4)
  An orc priest (D:3)
  A centaur skeleton (D:4)
  An orc wizard (D:4)
  2 worker ants (D:4)
  3 gnolls (D:4)
  2 adders
  4 worms
  3 dart slugs (D:1)
  A leopard gecko (D:2)
  6 orcs
  11 goblins
  5 hobgoblins
  2 jackals (D:4)
  7 kobolds
  A ball python (D:4)
  6 bats
  3 frilled lizards
  10 rats
72 creatures vanquished.

Notes
Turn   | Place    | Note
-------+----------+-------------------------------------------
     0 | D:1      | funkygono the Barachi Fighter began the quest for the Orb.
     0 | D:1      | Reached XP level 1. HP: 18/18 MP: 1/1
   173 | D:1      | Reached XP level 2. HP: 24/25 MP: 2/2
   416 | D:1      | Reached XP level 3. HP: 30/30 MP: 3/3
   960 | D:2      | Found a faded altar of an unknown god.
  1239 | D:2      | Reached XP level 4. HP: 37/37 MP: 4/4
  1624 | D:2      | Found a radiant altar of Vehumet.
  1625 | D:2      | Found a shadowy altar of Dithmenos.
  1782 | D:3      | Noticed a bullfrog
  1788 | D:3      | Killed a bullfrog
  1789 | D:3      | Reached XP level 5. HP: 40/43 MP: 5/5
  2541 | D:4      | Reached XP level 6. HP: 14/50 MP: 6/6
  2747 | D:4      | Reached skill level 5 in Armour
  2792 | D:4      | Reached skill level 5 in Fighting
  2873 | D:4      | Found Elaprec's Serpentskin Sales.
  2873 | D:4      | Noticed a water moccasin
  2873 | D:4      | Noticed a water moccasin
  2873 | D:4      | Noticed a water moccasin
  2907 | D:4      | Killed a water moccasin
  2908 | D:4      | Reached skill level 5 in Shields
  2908 | D:4      | Reached XP level 7. HP: 14/56 MP: 7/7
  2909 | D:4      | HP: 2/56 [water moccasin (7)]
  2911 | D:4      | Succumbed to a water moccasin's poison

Illustrated notes

Levels and vault maps discovered:
D:1:      lightli_iron_boxes, layout_basic
D:2:      layout_rooms, gammafunk_temple_overflow_pools,
          chequers_ecumenical_altar_simple_redux, serial_forest,
          infiniplex_forest_lined_room_2, infiniplex_forest_lined_3_way,
          infiniplex_forest_lined_room_3, infiniplex_forest_lined_3,
          infiniplex_forest_straight_2
D:3:      layout_basic, kennysheep_potato
D:4:      wander_river, layout_cave_pools, portal_sewer_entry_b,
          chequers_big_river, grunt_ministairs_12, hex_large,
          guppyfry_shop_venom

Skill      XL: |  1  2  3  4  5  6 |
---------------+-------------------+-----
Fighting       | 4 5 |  5.2
Armour         | 4 5 |  5.2
Maces & Flails | 3 4 |  4.7
Shields        | 4 5 |  5.1
Dodging        | |  0.8

Action                   |  1- 3 |  4- 6 |  7- 9 || total
-------------------------+-------+-------+-------++-------
Melee: Flail             |   161 |   152 |       ||   313
       Whip              |       |   113 |     1 ||   114
  Use: Scroll            |     3 |     2 |       ||     5
       Potion            |       |       |     3 ||     3
Armor: Scale mail        |    60 |    14 |       ||    74
       Plate armour      |       |   118 |       ||   118
Dodge: Dodged            |    28 |    57 |       ||    85
Block: Kite shield       |   102 |   240 |     1 ||   343
       Reflection        |     2 |     1 |       ||     3
